 Dungeon Crawl Stone Soup version 0.22-a0-159-g7ce444fdad (webtiles) character file.

4475 Fuhrer the Reanimator (level 10, -8/75 HPs)
             Began as a Deep Dwarf Necromancer on Feb 10, 2018.
             Was a Believer of Okawaru.
             Killed from afar by a steam dragon (17 damage)
             ... with a ball of steam
             ... on level 8 of the Dungeon.
             The game lasted 01:02:43 (8624 turns).

Fuhrer the Reanimator (Deep Dwarf Necromancer)      Turns: 8624, Time: 01:02:43

Health: -8/75      AC:  5    Str: 14    XL:     10   Next: 15%
Magic:  1/17       EV: 17    Int: 17    God:    Okawaru [**....]
Gold:   468        SH:  0    Dex: 13    Spells: 11/19 levels left

rFire    . . .     SeeInvis .   V - +3 whip "Rykusaog" {freeze, rPois}
rCold    . . .     Gourm    .   (no shield)
rNeg     + . .     Faith    .   r - +0 robe {MR+}
rPois    +         Spirit   .   x - +0 helmet
rElec    .         Reflect  .   (no cloak)
rCorr    .         Harm     .   i - +0 pair of gloves
MR       ++...                  G - +0 pair of boots
Stlth    ++........             B - amulet of magic regeneration
HPRegen  0.00/turn              E - ring of positive energy
MPRegen  0.40/turn              (no ring)

@: non-regenerating
A: damage resistance, heal wounds, sense surroundings 2, no regeneration
a: Heal Wounds, Heroism, Renounce Religion


You were on level 8 of the Dungeon.
You worshipped Okawaru.
Okawaru was pleased with you.
You were not hungry.

You visited 2 branches of the dungeon, and saw 9 of its levels.
You also visited: Sewer.

You collected 468 gold pieces.

Inventory:

Hand Weapons
 v - a +0 blowgun
 R - a +2 hand axe of electrocution
 V - the +3 whip "Rykusaog" (weapon) {freeze, rPois}
   (You took it off an orc on level 7 of the Dungeon)

   It has been specially enchanted to freeze those struck by it, causing extra
   injury to most foes and up to half again as much damage against particularly
   susceptible opponents.
   It can also slow down cold-blooded creatures.
   It protects you from poison.
Missiles
 w - 39 poisoned needles
 K - a throwing net (quivered)
Armour
 a - a +0 robe
 i - a +0 pair of gloves (worn)
 r - a +0 robe of magic resistance (worn)
 x - a +0 helmet (worn)
 G - a +0 pair of boots (worn)
Magical Staves
 T - an uncursed staff of wizardry
Jewellery
 g - an uncursed amulet of the gourmand
 q - a +4 amulet of reflection
 B - an amulet of magic regeneration (around neck)
 E - a ring of positive energy (left hand)
 Q - an uncursed ring of stealth {unknown}
 S - an uncursed amulet of the acrobat {unknown}
Wands
 F - a wand of scattershot (4)
 M - a wand of clouds (5)
 P - a wand of disintegration (5)
Scrolls
 d - 4 scrolls of blinking
 e - 2 scrolls of random uselessness {unknown}
 h - 3 scrolls of amnesia {unknown}
 k - 2 scrolls of magic mapping {unknown}
 n - 10 scrolls of identify {unknown}
 p - 3 scrolls of remove curse
 u - a scroll of immolation {unknown}
 y - 8 scrolls of teleportation {unknown}
 A - a scroll of fear {unknown}
 C - a scroll of enchant weapon {unknown}
 D - a scroll of fog {unknown}
 L - 3 scrolls of torment {unknown}
 N - a scroll of enchant armour {unknown}
Potions
 f - 4 potions of magic {unknown}
 j - 3 potions of heal wounds {unknown}
 l - a potion of brilliance {unknown}
 m - 9 potions of curing {unknown}
 s - a potion of cancellation {unknown}
 t - 3 potions of agility {unknown}
 z - 2 potions of might
 H - 2 potions of ambrosia {unknown}
 I - 3 potions of flight {unknown}
 O - a potion of resistance {unknown}
 W - a potion of degeneration {unknown}
Books
 b - a book of Necromancy

   Spells                             Type                      Level
   a - Pain                           Necromancy                   1
   b - Animate Skeleton               Necromancy                   1
   c - Vampiric Draining              Necromancy                   3
   d - Regeneration                   Charms/Necromancy            3
   e - Animate Dead                   Necromancy                   4
 o - a book of Misfortune

   Spells                             Type                      Level
   a - Confusing Touch                Hexes                        1
   b - Confuse                        Hexes                        3
   c - Gell's Gravitas                Translocation                3
   d - Petrify                        Transmutation/Earth          4
   e - Metabolic Englaciation         Hexes/Ice                    5
   f - Yara's Violent Unravelling     Hexes/Transmutation          5
 J - a book of the Warp

   Spells                             Type                      Level
   a - Gell's Gravitas                Translocation                3
   b - Portal Projectile              Hexes/Translocation          3
   c - Force Lance                    Conjuration/Translocation    4
   d - Dispersal                      Translocation                6
   e - Controlled Blink               Translocation                8
   f - Disjunction                    Translocation                8
 U - a book of Frost

   Spells                             Type                      Level
   a - Freeze                         Ice                          1
   b - Throw Frost                    Conjuration/Ice              2
   c - Ozocubu's Armour               Charms/Ice                   3
   d - Throw Icicle                   Conjuration/Ice              4
   e - Summon Ice Beast               Ice/Summoning                4
Comestibles
 c - 5 rations


   Skills:
 - Level 5.7(6.7) Axes
 + Level 4.9(6.0) Maces & Flails
 + Level 9.1 Dodging
 - Level 2.4 Stealth
 - Level 5.2 Spellcasting
 + Level 9.9 Necromancy


You had 11 spell levels left.
You knew the following spells:

 Your Spells              Type           Power        Failure   Level  Hunger
a - Pain                  Necr           ####         1%          1    None
b - Vampiric Draining     Necr           #####.....   1%          3    ###....
c - Animate Dead          Necr           N/A          2%          4    ####...


Dungeon Overview and Level Annotations

Branches:
Dungeon (8/15)             Temple (1/1) D:7
   Lair: D:8-11

Altars:
Ashenzari
Cheibriados
Dithmenos
Fedhas
Gozag
Makhleb
Nemelex Xobeh
Okawaru
Qazlal
Ru
Sif Muna
Trog
Uskayaw
Vehumet
Wu Jian
Xom
Yredelemnul
Zin
The Shining One

Shops:
D:7 %


Innate Abilities, Weirdness & Mutations

You are resistant to damage.
You can heal yourself by infusing magical energy.
You passively map the area around you.
You do not regenerate.


Message History

The steam dragon is severely wounded.
The steam dragon breathes steam at you. The ball of steam hits you!
* * * LOW HITPOINT WARNING * * *
Casting: Vampiric Draining (safe; 1% risk of failure)
Confirm with . or Enter, or press ? or * to list all spells.
Aiming: Vampiric Draining (safe; 1% risk of failure)
Press: ? - help, Shift-Dir - straight line, f/p - steam dragon
Aim: a steam dragon (steam, severely wounded)
The steam dragon is almost dead.
You feel life coursing into your body.
You are engulfed in a cloud of scalding steam.
The steam dragon bites you!
* * * LOW HITPOINT WARNING * * *
The steam dragon closely misses you.
You barely miss the steam dragon.
The steam dragon is almost dead.
The steam dragon breathes steam at you. The ball of steam hits you!
You die...

.####.#....# *,#.. ## .#
#.#....# , * *, #. #< .#
#.#....# , , , ........
.####.#....# **
**,#.#.#### ........# *
## # .####.#.# *
......#.# * .####.#.#
#####
.####.#.#######.@D#### #
......#........###.o.###
## *,#. .######.##.#####
####..###.####.. .#
#.#### ##....###.... .#
#.# ##..)....h.. .# #.#
#####.##### .# #.# ###
.######.# ........#


You could see a steam dragon and an orc.

Vanquished Creatures
  A two-headed ogre (D:8)
  Maurice (D:8)
  A wyvern (D:8)
  A hungry ghost (D:7)
  Grum (D:8)
  Menkaure (D:4)
  A water moccasin (D:5)
  2 orc warriors (D:7)
  A phantom (D:8)
  A black bear (D:6)
  2 ogres
  4 wolves (D:8)
  A crocodile (D:8)
  4 centaurs
  A bullfrog (D:4)
  A scorpion (D:6)
  9 killer bees (D:8)
  2 howler monkeys (D:7)
  2 crimson imps (D:7)
  5 hounds
  A quasit (D:6)
  2 jellies (D:8)
  4 orc priests
  4 orc wizards (D:4)
  A centaur skeleton (D:5)
  2 iguanas
  Ijyb (D:4)
  6 worker ants
  A hound zombie (D:7)
  7 adders
  10 gnolls
  5 river rats
  A shadow imp (D:5)
  2 oozes (D:4)
  2 adder skeletons
  3 worms
  4 dart slugs
  2 leopard geckos
  32 orcs
  8 bats
  7 giant cockroaches
  7 goblins
  2 hobgoblins
  10 jackals
  8 kobolds
  3 quokkas
  10 ball pythons
  9 frilled lizards
  A jackal skeleton (D:7)
  A leopard gecko skeleton (D:3)
  A quokka skeleton (D:4)
  21 rats
220 creatures vanquished.

Vanquished Creatures (collateral kills)
  A bullfrog skeleton (D:6)
  3 worker ants
  A gnoll (D:6)
  A giant cockroach (D:5)
  A jackal (D:5)
7 creatures vanquished.

Vanquished Creatures (others)
  A jackal (D:8)
1 creature vanquished.

Grand Total: 228 creatures vanquished

Notes
Turn   | Place    | Note
-------+----------+-------------------------------------------
     0 | D:1      | Fuhrer the Deep Dwarf Necromancer began the quest for the Orb.
     0 | D:1      | Reached XP level 1. HP: 15/15 MP: 3/3
   197 | D:1      | Reached XP level 2. HP: 20/22 MP: 0/5
   711 | D:2      | Reached XP level 3. HP: 15/28 MP: 0/6
  1179 | D:2      | Reached skill level 5 in Necromancy
  1583 | D:2      | Noticed a centaur
  1605 | D:2      | Learned a level 3 spell: Vampiric Draining
  1612 | D:2      | Killed a centaur
  1612 | D:2      | Reached XP level 4. HP: 26/36 MP: 0/8
  1612 | D:2      | Reached XP level 5. HP: 31/42 MP: 0/9
  2061 | D:3      | Found a glowing drain.
  2115 | Sewer    | Entered a sewer
  2616 | Sewer    | Reached skill level 1 in Axes
  2999 | D:3      | Found a shadowy altar of Dithmenos.
  3443 | D:4      | Reached XP level 6. HP: 42/49 MP: 0/10
  4231 | D:4      | Noticed Menkaure
  4243 | D:4      | Killed Menkaure
  4243 | D:4      | Reached XP level 7. HP: 16/55 MP: 4/12
  4491 | D:4      | Noticed Ijyb
  4505 | D:4      | Killed Ijyb
  4505 | D:4      | Reached skill level 5 in Dodging
  4959 | D:4      | Found a radiant altar of Vehumet.
  5150 | D:4      | Found a deep blue altar of Sif Muna.
  5189 | D:5      | Entered Level 5 of the Dungeon
  5322 | D:5      | Learned a level 4 spell: Animate Dead
  5328 | D:5      | Reached XP level 8. HP: 58/62 MP: 2/14
  6483 | D:6      | Reached skill level 5 in Axes
  6509 | D:6      | Reached skill level 5 in Spellcasting
  6727 | D:6      | Found a sacrificial altar of Ru.
  7322 | D:7      | Found a staircase to the Ecumenical Temple.
  7397 | Temple   | Entered the Ecumenical Temple
  7503 | Temple   | Became a worshipper of Warmaster Okawaru
  7543 | D:7      | Gained mutation: You passively map the area around you. [Deep Dwarf growth]
  7543 | D:7      | Reached XP level 9. HP: 67/68 MP: 11/16
  7561 | D:7      | Found Kazuo's Food Emporium.
  7643 | D:7      | Got an ichor-stained whip {freeze}
  7644 | D:7      | Identified the cursed +3 whip "Rykusaog" {freeze, rPois} (You took it off an orc on level 7 of the Dungeon)
  7653 | D:7      | Found a blossoming altar of Fedhas.
  7914 | D:8      | Reached skill level 1 in Maces & Flails
  7938 | D:8      | HP: 1/68 [orc warrior/battleaxe (15)]
  8098 | D:8      | Noticed Maurice
  8121 | D:8      | Noticed Grum
  8124 | D:8      | Reached * piety under Okawaru
  8158 | D:8      | Killed Grum
  8330 | D:8      | Noticed a two-headed ogre
  8425 | D:8      | Killed a two-headed ogre
  8425 | D:8      | Reached ** piety under Okawaru
  8425 | D:8      | Reached XP level 10. HP: 16/75 MP: 1/17
  8472 | D:8      | Killed Maurice
  8624 | D:8      | Killed from afar by a steam dragon

Vault maps used:
D:1:      sevenhm_arrival_forest_fort_small_4, corner_web_ring
D:2:      first_ration
D:3:      nicolae_dithmenos_shadow_blocks, cheibrodos_sewer_entry_sluice
D:4:      lemuel_round_altar, serial_glass, glass_columns_b, glass_columns_a,
          glass_columns_c, glass_columns_a, glass_columns_b, glass_columns_b,
          glass_columns_a, glass_columns_b, led_sif_pool, uniq_ijyb,
          uniq_menkaure
D:5:      minmay_statues_item, lemuel_flamethrower_1
D:6:      kennysheep_mini_moat
D:7:      fedhas_altar_2, temple_doors_e, serial_shops, shop
D:8:      erik_lair_dragon, the_bakery, hangedman_decor_clover_reticule,
          minmay_orc_keep, uniq_maurice, uniq_joseph, uniq_grum
Temple:   jpeg_temple_clearing
Sewer:    sewer_co_cracked_pipes

Skill      XL: |  1  2  3  4  5  6  7  8  9 10 |
---------------+-------------------------------+-----
Spellcasting   | 2 3 4 5 |  5.2
Dodging        | 3 4 5 6 8 9 |  9.1
Necromancy     | 5 6 8 9 |  9.9
Axes           | 1 2 3 5 |  5.7
Maces & Flails | 4 |  4.9
Stealth        | |  2.4

Action                   |  1- 3 |  4- 6 |  7- 9 | 10-12 || total
-------------------------+-------+-------+-------+-------++-------
Melee: Unarmed           |     9 |       |       |       ||     9
       Whip              |    11 |     6 |    57 |    40 ||   114
       Hand axe          |       |    83 |   147 |       ||   230
 Fire: Blowgun           |       |     6 |    11 |     2 ||    19
 Cast: Pain              |    73 |    41 |    31 |     1 ||   146
       Vampiric Draining |     1 |    46 |   133 |    14 ||   194
       Animate Dead      |       |       |    12 |       ||    12
Invok: Heroism           |       |       |     1 |       ||     1
 Abil: Heal Wounds       |       |       |     2 |       ||     2
Evoke: Wand              |       |       |     1 |       ||     1
  Use: Scroll            |       |       |     4 |       ||     4
 Stab: Sleeping          |       |     6 |     4 |     1 ||    11
  Eat: Chunk             |     3 |    14 |    14 |       ||    31
       Ration            |       |       |     4 |     1 ||     5
Armor: Robe              |     7 |    30 |    64 |     7 ||   108
Dodge: Dodged            |    62 |    77 |   321 |    34 ||   494
Block: Other             |     3 |    29 |     4 |       ||    36
       Reflection        |     1 |     1 |       |       ||     2

Table legend:
 A = Spawn XP
 B = Non-spawn XP
 C = Spawn XP percentage of total XP
 D = Spawn monster count
 E = Non-spawn monster count
 F = Spawn count percentage of total count
 G = Total turns spent on level
                    A         B        C        D         E        F      G
               +---------+---------+-------+---------+---------+-------+---------
         Total |       0 |    6393 |   0.0 |       0 |     227 |   0.0 |  8624
               +---------+---------+-------+---------+---------+-------+---------
           D:1 |       0 |      33 |   0.0 |       0 |      19 |   0.0 |   685
           D:2 |       0 |     172 |   0.0 |       0 |      23 |   0.0 |  1228
           D:3 |       0 |      55 |   0.0 |       0 |      18 |   0.0 |   715
           D:4 |       0 |     841 |   0.0 |       0 |      39 |   0.0 |  1787
           D:5 |       0 |     506 |   0.0 |       0 |      20 |   0.0 |   861
           D:6 |       0 |     634 |   0.0 |       0 |      15 |   0.0 |   873
           D:7 |       0 |     907 |   0.0 |       0 |      31 |   0.0 |   826
           D:8 |       0 |    3177 |   0.0 |       0 |      34 |   0.0 |   743
         Sewer |       0 |      68 |   0.0 |       0 |      28 |   0.0 |   774
               +---------+---------+-------+---------+---------+-------+---------
